 Dungeon Crawl Stone Soup version 0.22.1-2-g9c5b331 (webtiles) character file.

1563 chorionicmirror the Cleaver (level 8, -4/75 HPs)
             Began as a Hill Orc Fighter on Jan 5, 2019.
             Was an Initiate of Makhleb.
             Slain by a cyclops (31 damage)
             ... on level 6 of the Dungeon.
             The game lasted 00:17:10 (4203 turns).

chorionicmirror the Cleaver (Hill Orc Fighter)      Turns: 4203, Time: 00:17:11

Health: -4/75      AC:  9    Str: 21    XL:     8   Next: 89%
Magic:  8/8        EV:  8    Int:  8    God:    Makhleb [......]
Gold:   205        SH:  9    Dex: 10    Spells: 7/7 levels left

rFire    . . .     SeeInvis .   a - +1 war axe
rCold    . . .     Gourm    .   c - +0 shield
rNeg     . . .     Faith    .   x - +0 troll leather armour {Purgy}
rPois    +         Spirit   .   h - +0 helmet
rElec    .         Reflect  .   y - +0 cloak
rCorr    .         Harm     .   e - +1 pair of gloves
MR       .....                  (no boots)
Stlth    +.........             (no amulet)
HPRegen  0.62/turn              i - ring of poison resistance
MPRegen  0.11/turn              g - ring of wizardry

@: no status effects
A: no striking features
a: Renounce Religion


You were on level 6 of the Dungeon.
You worshipped Makhleb.
Makhleb was noncommittal.
You were not hungry.

You visited 2 branches of the dungeon, and saw 7 of its levels.

You collected 205 gold pieces.

Inventory:

Hand Weapons
 a - a +1 war axe (weapon)
 k - a +0 flail of draining
Armour
 c - a +0 shield (worn)
 e - a +1 pair of gloves (worn)
 h - a +0 helmet (worn)
 x - a +0 troll leather armour (worn) {Purgy}
 y - a +0 cloak (worn)
Magical Staves
 o - an uncursed staff of cold
Jewellery
 g - a ring of wizardry (right hand)
 i - a ring of poison resistance (left hand)
 A - an uncursed ring of ice
Scrolls
 d - a scroll of enchant weapon
 m - a scroll of fog
 n - 3 scrolls of blinking
 z - 2 scrolls of remove curse
Potions
 b - a potion of brilliance {unknown}
 j - a potion of cancellation {unknown}
 p - a potion of might
 q - a potion of mutation {unknown}
 r - a potion of lignification
 s - a potion of haste
 t - 4 potions of flight
 v - a potion of heal wounds {unknown}
 w - a potion of berserk rage {unknown}
Comestibles
 f - 8 rations


   Skills:
 + Level 8.3 Fighting
 * Level 11.6 Axes
 - Level 3.2 Armour
 - Level 3.2 Shields


You had 7 spell levels left.
You didn't know any spells.
Your spell library was empty.

Dungeon Overview and Level Annotations

Branches:
Dungeon (6/15)             Temple (1/1) D:5

Altars:
Cheibriados
Dithmenos
Elyvilon
Fedhas
Hepliaklqana
Kikubaaqudgha
Makhleb
Nemelex Xobeh
Okawaru
Ru
Sif Muna
Trog
Uskayaw
Vehumet
Wu Jian
Xom
Yredelemnul
Zin
The Shining One

Shops:
D:4 :   D:5 *


Message History

The jackal bites you but does no damage.
You block the cyclops's attack.
You slash the cyclops!
The cyclops is severely wounded.
You hit the jackal but do no damage.
The jackal bites you but does no damage.
The cyclops hits you!
The jackal bites you but does no damage.
You hit the cyclops but do no damage.
The cyclops is severely wounded.
You hit the jackal.
You kill the jackal!
Makhleb accepts your kill.
You hit the cyclops.
The cyclops is severely wounded.
You block the cyclops's attack.
You hit the cyclops.
The cyclops is severely wounded.
The cyclops hits you!!
You die...

....
....#.......###
#<.. #....##.......
.>..##.#.###.######
#..?.........# #
#.###..!.#####
#.###. #..###
......###..# #
#††C..## #. ##@####
.h #(# #.##.#
#..((# #..#.#
#..#.######## ####
#. #........# #...
#. ########.# #.##
# #.#


You could see a cyclops.

Vanquished Creatures
  Grinder (D:4)
  Edmund (D:4)
  A phantom (D:4)
  An ice beast (D:5)
  Purgy (D:3)
  2 ogres
  A centaur (D:5)
  A scorpion (D:4)
  A howler monkey (D:4)
  A crimson imp (D:3)
  A centaur zombie (D:4)
  A centaur skeleton (D:4)
  A hound (D:5)
  2 bullfrog skeletons
  An iguana (D:5)
  Natasha (thrice) (D:3 D:5)
  2 orc wizards (D:4)
  3 worker ants
  A howler monkey zombie (D:6)
  4 gnolls (D:3)
  7 adders
  A shadow imp (D:6)
  2 worms
  5 dart slugs
  3 leopard geckos
  17 orcs
  3 hobgoblins
  13 jackals
  4 kobolds
  6 quokkas
  4 bats
  6 frilled lizards
  5 goblins
  A jackal skeleton (D:4)
  6 rats
113 creatures vanquished.

Vanquished Creatures (others)
  4 toadstools (D:1)
4 creatures vanquished.

Grand Total: 117 creatures vanquished

Notes
Turn   | Place    | Note
-------+----------+-------------------------------------------
     0 | D:1      | chorionicmirror the Hill Orc Fighter began the quest for
                  | the Orb.
     0 | D:1      | Reached XP level 1. HP: 19/19 MP: 1/1
    29 | D:1      | Reached skill level 3 in Axes
    96 | D:1      | Reached XP level 2. HP: 25/27 MP: 2/2
   873 | D:2      | Reached skill level 4 in Axes
   882 | D:2      | Reached XP level 3. HP: 33/33 MP: 3/3
  1261 | D:2      | Found a hazy altar of Hepliaklqana.
  1514 | D:2      | Reached XP level 4. HP: 38/41 MP: 4/4
  1633 | D:3      | Reached skill level 5 in Axes
  1688 | D:3      | Noticed Natasha
  1700 | D:3      | Killed Natasha
  1700 | D:3      | Reached XP level 5. HP: 35/47 MP: 5/5
  1824 | D:3      | Reached skill level 6 in Axes
  1854 | D:3      | Noticed Purgy
  1874 | D:3      | Killed Purgy
  1874 | D:3      | Reached skill level 5 in Fighting
  1874 | D:3      | Reached XP level 6. HP: 35/56 MP: 6/6
  1902 | D:3      | Reached skill level 7 in Axes
  2628 | D:4      | Noticed Edmund
  2660 | D:4      | Killed Edmund
  2660 | D:4      | Reached skill level 8 in Axes
  2660 | D:4      | Reached XP level 7. HP: 32/63 MP: 7/7
  2707 | D:4      | Found Lint's Book Shop.
  2747 | D:4      | Reached skill level 9 in Axes
  2780 | D:4      | Reached XP level 8. HP: 34/73 MP: 8/8
  2794 | D:4      | Found a sacrificial altar of Ru.
  3050 | D:4      | Found an iron altar of Okawaru.
  3050 | D:4      | Found a shadowy altar of Dithmenos.
  3051 | D:4      | Found a blossoming altar of Fedhas.
  3137 | D:4      | Noticed Grinder
  3145 | D:4      | Killed Grinder
  3145 | D:4      | Reached skill level 10 in Axes
  3185 | D:5      | Entered Level 5 of the Dungeon
  3256 | D:5      | Noticed Natasha
  3261 | D:5      | Killed Natasha
  3322 | D:5      | Found a staircase to the Ecumenical Temple.
  3331 | Temple   | Entered the Ecumenical Temple
  3424 | Temple   | Became a worshipper of Makhleb the Destroyer
  3549 | D:5      | Noticed Natasha
  3558 | D:5      | Killed Natasha
  3793 | D:5      | Reached skill level 11 in Axes
  3836 | D:5      | Found a sparkling altar of Nemelex Xobeh.
  4005 | D:5      | Found Maaqufum's Assorted Antiques.
  4172 | D:6      | Noticed a cyclops
  4203 | D:6      | Slain by a cyclops

Skill      XL: |  1  2  3  4  5  6  7  8 |
---------------+-------------------------+-----
Axes           | 3 4 5 6 8 9 11 | 11.6
Fighting       | 4 5 6 7 8 |  8.3
Armour         | |  3.2
Shields        | |  3.2

Action                   |  1- 3 |  4- 6 |  7- 9 || total
-------------------------+-------+-------+-------++-------
Melee: War axe           |   127 |   177 |   148 ||   452
  Use: Scroll            |       |     8 |     2 ||    10
       Potion            |       |       |     2 ||     2
  Eat: Chunk             |     2 |     4 |     2 ||     8
       Ration            |       |       |     1 ||     1
Armor: Scale mail        |    35 |       |       ||    35
       Chain mail        |    45 |    79 |       ||   124
       Troll leather arm |       |    54 |    50 ||   104
       Skin              |       |       |    47 ||    47
Dodge: Dodged            |    36 |    54 |    34 ||   124
Block: Shield            |    54 |    87 |    74 ||   215
